 Dungeon Crawl Stone Soup version 0.19.0-19-g8c6edcc (webtiles) character file.

1360 Charly the Cleaver (level 8, -1/69 HPs)
             Began as a Deep Dwarf Monk on Nov 15, 2016.
             Slain by a gnoll
             ... wielding a +0 halberd
              (10 damage)
             ... in a bailey.
             The game lasted 00:08:33 (1002 turns).

Charly the Cleaver (Deep Dwarf Monk)                Turns: 1002, Time: 00:08:33

Health: -1/69      AC:  2    Str: 19    XL:     8   Next: 37%
Magic:  6/6        EV: 13    Int: 12    God:
Gold:   98         SH:  0    Dex: 15    Spells: 0 memorised, 7 levels left

rFire  . . .     SeeInvis .     h - +1 battleaxe "Beetle's Nightmare" {freeze, rElec rC+ Str+3} (curse)
rCold  + . .     Gourm    .     b - +0 robe
rNeg   . . .     Faith    .     (shield currently unavailable)
rPois  .         Spirit   .     (no helmet)
rElec  +         Reflect  .     (no cloak)
rCorr  .         Harm     .     (no gloves)
MR     +....                    (no boots)
Stlth  ++........               (no amulet)
                                (no ring)
                                (no ring)

@: non-regenerating
A: damage resistance, recharge devices, sense surroundings 1, slow regeneration
3
a: Device Recharging


You were in a bailey.
You were hungry.

You visited 1 branch of the dungeon, and saw 10 of its levels.
You also visited: Bailey.

You collected 98 gold pieces.

Inventory:

Hand Weapons
 h - the cursed +1 battleaxe "Beetle's Nightmare" (weapon) {freeze, rElec rC+ Str+3}
   (You found it on level 6 of the Dungeon)

   It has been specially enchanted to freeze those struck by it, causing extra
   injury to most foes and up to half again as much damage against particularly
   susceptible opponents.
   It can also slow down cold-blooded creatures.
   It affects your strength (+3).
   It protects you from cold.
   It insulates you from electricity.
   It has a curse placed upon it.
Missiles
 a - a throwing net (quivered)
Armour
 b - a +0 robe (worn)
Wands
 c - a wand of heal wounds (1/9)
Potions
 e - 3 potions of heal wounds
 f - a potion of magic {unknown}
 g - 3 potions of degeneration {unknown}
 i - 4 potions of cure mutation {unknown}
 k - a potion of mutation {unknown}
 l - a potion of haste {unknown}
 m - a potion of berserk rage
Comestibles
 d - 2 bread rations
 j - a meat ration


   Skills:
 + Level 3.3 Fighting
 * Level 11.3 Axes
 - Level 3.2 Dodging
 - Level 2.4 Stealth


You had 7 spell levels left.
You didn't know any spells.

Dungeon Overview and Level Annotations

Branches:
Dungeon (10/15)              Lair (0/6) D:10            Orc (0/2) D:10
 Temple: D:4-7

Altars:
Okawaru

Shops:
D:10 [(


Innate Abilities, Weirdness & Mutations

You are resistant to damage.
You can recharge devices by infusing magical energy.
You passively map a small area around you.
You do not regenerate.


Message History

You closely miss the hobgoblin. You hit the hobgoblin but do no damage.
You barely miss the kobold.
The gnoll hits you from afar with a halberd!
* * * LOW HITPOINT WARNING * * *
The hobgoblin barely misses you. The kobold hits you but does no damage.
The hobgoblin hits you.
* * * LOW HITPOINT WARNING * * *
The gnoll hits you from afar with a halberd!
* * * LOW HITPOINT WARNING * * *
Unknown command.
You slash the hobgoblin! You freeze the hobgoblin.
You kill the hobgoblin!
You completely miss the hobgoblin. You hit the kobold. You freeze the kobold.
You kill the kobold!
The hobgoblin throws a tomahawk of returning.
The tomahawk of returning barely misses you.
The hobgoblin hits you.
* * * LOW HITPOINT WARNING * * *
The gnoll hits you from afar with a halberd!
You die...

#.'..(.)'.#.'.(∩.('.
###.....#####.).(.##
##.....# *#.....#
##'##'##'# #'##'##'#
#)###.#*#.#.#*#.# #.
#'# ### ###* ### #
#)## # #.#g* *
##'##g##'# ' *
##@(g..# #g!...#
'..g..'.# '
*##...g.### *#.....#
*'##'##'# '* # .#
#.' * ## *## *


You could see 3 gnolls and 2 hobgoblins.

Vanquished Creatures
  A troll (D:9)
  An orc warrior (D:10)
  A phantom (D:6)
  3 ogres
  A centaur (D:10)
  3 big kobolds (D:10)
  3 hounds
  2 orc priests
  4 orc wizards
  4 adders
  7 gnolls
  A dart slug (D:1)
  A leopard gecko (D:3)
  15 orcs
  2 bats (D:1)
  A giant cockroach (D:3)
  A goblin (D:1)
  8 hobgoblins
  5 jackals
  7 kobolds
  A rat (D:1)
72 creatures vanquished.

Notes
Turn   | Place    | Note
-------+----------+-------------------------------------------
     0 | D:1      | Charly the Deep Dwarf Monk began the quest for the Orb.
     0 | D:1      | Reached XP level 1. HP: 20/20 MP: 1/1
    38 | D:1      | Reached XP level 2. HP: 22/27 MP: 2/2
    82 | D:2      | Reached skill level 4 in Axes
   143 | D:3      | Reached skill level 5 in Axes
   143 | D:3      | Reached XP level 3. HP: 24/33 MP: 3/3
   166 | D:4      | Found an iron altar of Okawaru.
   177 | D:4      | HP: 1/33 [orc wizard/magic dart (6)]
   179 | D:4      | Reached XP level 4. HP: 24/40 MP: 4/4
   180 | D:4      | Reached skill level 6 in Axes
   188 | D:5      | Entered Level 5 of the Dungeon
   211 | D:6      | Noticed a phantom
   219 | D:6      | Got a faintly glowing battleaxe
   220 | D:6      | Identified the cursed +1 battleaxe "Beetle's Nightmare" {freeze, rElec rC+ Str+3} (You found it on level 6 of the Dungeon)
   233 | D:6      | Killed a phantom
   233 | D:6      | Reached skill level 7 in Axes
   233 | D:6      | Reached XP level 5. HP: 34/46 MP: 5/5
   371 | D:7      | Reached XP level 6. HP: 25/55 MP: 6/6
   469 | D:10     | Entered Level 10 of the Dungeon
   478 | D:10     | HP: 1/55 [centaur (5)]
   509 | D:9      | Reached skill level 8 in Axes
   546 | D:10     | Found a staircase to the Orcish Mines.
   546 | D:10     | Noticed a troll
   546 | D:10     | Noticed an orc warrior
   546 | D:10     | Noticed an orc warrior
   547 | D:10     | Noticed an orc warrior
   565 | D:10     | Reached XP level 7. HP: 18/61 MP: 6/6
   568 | D:10     | Reached skill level 9 in Axes
   597 | D:9      | Noticed a troll
   601 | D:9      | Killed a troll
   601 | D:9      | Reached skill level 10 in Axes
   602 | D:9      | Reached XP level 8. HP: 23/68 MP: 7/7
   646 | D:10     | Found a staircase to the Lair.
   680 | D:10     | Reached skill level 11 in Axes
   720 | D:10     | Found Heumumas's Antique Armour Shoppe.
   730 | D:10     | Found Kytzuguy's Antique Weapon Shop.
   813 | D:10     | Found a flagged portal.
   940 | Bailey   | Entered a bailey
  1002 | Bailey   | Slain by a gnoll

Skill      XL: |  1  2  3  4  5  6  7  8 |
---------------+-------------------------+-----
Axes           | 5 7 8 10 11 | 11.3
Fighting       | 3 |  3.3
Dodging        | |  3.2
Stealth        | |  2.4

Action                   |  1- 3 |  4- 6 |  7- 9 || total
-------------------------+-------+-------+-------++-------
Melee: Hand axe          |    63 |     7 |       ||    70
       Battleaxe         |       |    54 |    61 ||   115
 Abil: Device Recharging |       |     1 |     1 ||     2
Evoke: Wand              |     3 |     2 |     8 ||    13
  Use: Scroll            |       |     2 |     2 ||     4
       Potion            |       |       |     1 ||     1
 Stab: Sleeping          |     1 |     1 |     4 ||     6
Armor: Robe              |    11 |     6 |     2 ||    19
Dodge: Dodged            |    56 |    48 |    56 ||   160
